 Dungeon Crawl Stone Soup version 0.28-a0-881-gae16bb6c82 (webtiles) character file.

Game seed: 12984815905262154855

328 Peloso the Sneak (level 6, 53/53 HPs)
             Began as a Minotaur Delver on Nov 21, 2021.
             Got out of the dungeon alive.
             The game lasted 00:03:52 (1848 turns).

Peloso the Sneak (Minotaur Delver)                  Turns: 1848, Time: 00:03:53

Health: 53/53      AC:  8    Str: 19    XL:     6   Next: 25%
Magic:  5/5        EV:  8    Int:  7    God:
Gold:   154        SH:  0    Dex: 11    Spells: 5/5 levels left

rFire   . . .      SeeInvis .   a - +0 falchion
rCold   . . .      Faith    .   (no shield)
rNeg    . . .      Spirit   .   i - +0 chain mail
rPois   .          Reflect  .   (helmet restricted)
rElec   .          Harm     .   (no cloak)
rCorr   .          Rampage  .   (no gloves)
Will    .....                   (no boots)
Stlth   ..........              (no amulet)
HPRegen 0.17/turn               (no ring)
MPRegen 0.09/turn               (no ring)

@: no status effects
A: horns 2, retaliatory headbutt
a: no special abilities


You escaped.
You visited 1 branch of the dungeon, and saw 5 of its levels.

You collected 154 gold pieces.

Inventory:

Hand Weapons
 a - a +0 falchion (weapon)
Armour
 b - a +0 leather armour
 i - a +0 chain mail (worn)
Wands
 g - a wand of digging (2)
Scrolls
 c - a scroll of fog
 d - 2 scrolls of magic mapping
 e - 2 scrolls of fear
 h - 2 scrolls of amnesia {unknown}
 k - a scroll of noise {unknown}
 m - a scroll of teleportation {unknown}
 n - a scroll of identify {unknown}
 o - 3 scrolls of summoning {unknown}
Potions
 j - a potion of haste
 l - a potion of might


   Skills:
 + Level 4.7 Fighting
 + Level 3.3 Long Blades
 + Level 1.7 Armour
 + Level 2.8 Dodging
 + Level 6.1 Stealth


You had 5 spell levels left.
You didn't know any spells.
Your spell library contained the following spells:

 Spells                   Type           Power      Damage    Failure   Level
 Pain                     Necr           0%         1d4       99%         1
 Animate Dead             Necr           0%         N/A       100%        4
 Agony                    Necr           0%         N/A       100%        5
 Excruciating Wounds      Necr           0%         N/A       100%        5
 Haunt                    Necr/Summ      0%         N/A       100%        7
 Infestation              Necr           0%         N/A       100%        8


Dungeon Overview and Level Annotations

Branches:
Dungeon (5/15)             Temple (0/1) D:5

Altars:
Ashenzari

Shops:
D:5 *


Innate Abilities, Weirdness & Mutations

You have a pair of horns on your head.
You reflexively headbutt those who attack you in melee.


Message History

You open the door.
There is an open door here.
You feel a little less clever now.
You open the door.
There is an open door here.
You feel a little less mighty now.
There is an open door here.
You open the door.
There is an open door here.
Found a staircase leading out of the dungeon.
There is an open door here.
You see here a +0 mace.
Found a stone staircase leading down.
There is a stone staircase leading down here.
Found a faded altar of an unknown god.
An endoplasm comes into view.
The endoplasm quivers.
An endoplasm is nearby!
You hit the endoplasm. You headbutt the endoplasm.
You kill the endoplasm!
A bat comes into view.
The bat completely misses you.
A bat is nearby!
The bat hits you but does no damage. The bat hits you but does no damage.
The bat hits you. The bat closely misses you.
The bat hits you but does no damage. The bat barely misses you.
The bat hits you.
You closely miss the bat. You headbutt the bat.
You kill the bat!
(D) Dungeon (T) Temple
Where to? (Enter - D:1, ? - help)
What level of the Dungeon? (default 1, ? - help) HP restored.
You see here a +0 dagger.
You see here a +0 whip.
There is an open door here.
There is a staircase leading out of the dungeon here.
Are you sure you want to leave the Dungeon?
This will make you lose the game!
You have escaped!

#...#≈.≈#≈≈≈#
#...#≈.≈#§≈.#
#...#≈.≈#≈..#
#...#...#...#
#...........#
#...........#
#.........^.#
#...........#
#.....@.....#
#...........#
#############


There were no monsters in sight!

Vanquished Creatures
  An ogre (D:5)
  A water moccasin zombie (D:5)
  A centaur zombie (D:5)
  2 hounds (D:5)
  2 iguanas (D:5)
  2 adders (D:5)
  3 orcs (D:5)
  2 endoplasms (D:1)
  A goblin (D:1)
  3 hobgoblins (D:2)
  A quokka (D:1)
  2 ball pythons (D:2)
  A bat (D:1)
  2 frilled lizards
  3 kobolds (D:1)
  2 rats
29 creatures vanquished.

Vanquished Creatures (others)
  A plant (D:5)
1 creature vanquished.

Grand Total: 30 creatures vanquished

Notes
Turn   | Place    | Note
-------+----------+-------------------------------------------
     0 | D:5      | Peloso the Minotaur Delver began the quest for the Orb.
     0 | D:5      | Reached XP level 1. HP: 19/19 MP: 0/0
     4 | D:5      | Noticed an iguana
    22 | D:5      | Noticed an ogre
    25 | D:5      | Noticed a hound
    28 | D:5      | Reached XP level 2. HP: 26/27 MP: 1/1
    31 | D:5      | Killed an ogre
    32 | D:5      | Reached skill level 5 in Stealth
    32 | D:5      | Reached XP level 3. HP: 32/33 MP: 2/2
    32 | D:5      | Reached XP level 4. HP: 39/40 MP: 3/3
    48 | D:5      | Reached XP level 5. HP: 10/47 MP: 4/4
   308 | D:5      | Found Powkuh's CLEARANCE SALE!.
   355 | D:5      | Reached skill level 1 in Armour
   372 | D:5      | Reached skill level 6 in Stealth
   391 | D:5      | Reached XP level 6. HP: 15/53 MP: 5/5
   671 | D:5      | Found a staircase to the Ecumenical Temple.
  1039 | D:2      | Found a broken altar of Ashenzari.
  1423 | D:1      | You fall into a shaft and drop 1 floor!
  1708 | D:1      | Found a faded altar of an unknown god.
  1848 | D:$      | Got out of the dungeon alive.

Illustrated notes

Levels and vault maps discovered:
D:1:      lightli_arrival_quake, layout_basic, ebering_ecumenical_altar_mist,
          minmay_misc_feat_room, due_unseen_surprise
D:2:      layout_basic, basic_altar
D:3:      layout_loops_cross, minmay_snake_closets
D:4:      layout_cave_pods, serial_shops, shop, abandoned_shop
D:5:      layout_rooms, minmay_temple_entry_sparse_star, serial_shops,
          nicolae_shop_overgrown_old_shop, nicolae_shop_clearance

Skill      XL: |  1  2  3  4  5 |
---------------+----------------+-----
Fighting       | 4 |  4.7
Stealth        | 5 6 |  6.1
Long Blades    | 3 |  3.3
Armour         | 1 |  1.7
Dodging        | |  2.8

Action                   |  1- 3 |  4- 6 || total
-------------------------+-------+-------++-------
Melee: Falchion          |     8 |    71 ||    79
       Headbutt          |     2 |    18 ||    20
Evoke: Wand              |       |     1 ||     1
  Use: Potion            |     1 |     3 ||     4
Armor: Leather armour    |     2 |     3 ||     5
       Chain mail        |       |    18 ||    18
Dodge: Dodged            |     6 |    44 ||    50

Table legend: (Time is in decaauts)
 A = Elapsed time spent in this place.
 B = Non-inter-level travel time spent in this place.
 C = Inter-level travel time spent in this place.
 D = Time resting spent in this place.
 E = Time spent auto-exploring this place.
 F = Levels seen in this place.
 G = Mean time per level.
                   A        B        C        D        E       F      G
               +--------+--------+--------+--------+--------+-----+--------+
         Total |   1840 |   1708 |    132 |    234 |   1036 |   5 |  368.0 |
       Dungeon |   1840 |   1708 |    132 |    234 |   1036 |   5 |  368.0 |
               +--------+--------+--------+--------+--------+-----+--------+

Top non-repeatable levels by time:
     D:5: 907 daAuts
     D:1: 665 daAuts
     D:2: 221 daAuts
     D:3: 42 daAuts
     D:4: 2 daAuts
